 Dungeon Crawl Stone Soup version 0.23.0 (webtiles) character file.

Game seed: 7274194285728845908

359 YuikonoTournament the Agent of Entropy (level 6, -2/50 HPs)
             Began as a Demonspawn Abyssal Knight on Feb 11, 2019.
             Was a Priest of Lugonu.
             Slain by an iguana (14 damage)
             ... on level 4 of the Dungeon.
             The game lasted 00:09:58 (3920 turns).

YuikonoTournament the Agent of Entropy (DsAK)       Turns: 3920, Time: 00:09:58

Health: -2/50      AC:  4    Str: 13    XL:     6   Next: 37%
Magic:  10/10      EV: 11    Int: 14    God:    Lugonu [***...]
Gold:   234        SH:  0    Dex: 13    Spells: 5/5 levels left

rFire    . . .     SeeInvis .   a - +1 falchion
rCold    . . .     Gourm    .   (no shield)
rNeg     . . .     Faith    .   n - +2 robe {MR+}
rPois    .         Spirit   .   (helmet restricted)
rElec    .         Reflect  .   (no cloak)
rCorr    .         Harm     +   (no gloves)
MR       +....                  (no boots)
Stlth    +.........             d - amulet of harm
HPRegen  0.16/turn              (no ring)
MPRegen  0.12/turn              (no ring)

@: no status effects
A: antennae 1, powered by death 3
a: Depart the Abyss, Bend Space, Banish, Renounce Religion


You were on level 4 of the Dungeon.
You worshipped Lugonu.
Lugonu was most pleased with you.
You were not hungry.

You visited 1 branch of the dungeon, and saw 4 of its levels.
You visited the Abyss 1 time.

You collected 234 gold pieces.

Inventory:

Hand Weapons
 a - a +1 falchion (weapon)
 i - a +2 hunting sling of velocity
Missiles
 g - 22 stones
 j - 55 sling bullets
 m - 7 poisoned javelins (quivered)
 o - 61 bolts
 v - 7 arrows
Armour
 n - a +2 robe of magic resistance (worn)
Jewellery
 d - an amulet of harm (around neck)
 s - an uncursed amulet of the acrobat
Scrolls
 b - 2 scrolls of noise {unknown}
 e - 3 scrolls of identify
 f - a scroll of teleportation {unknown}
 h - a scroll of remove curse {unknown}
 l - 2 scrolls of magic mapping {unknown}
 p - 2 scrolls of enchant armour {unknown}
 r - 2 scrolls of immolation {unknown}
 u - a scroll of fear {unknown}
 w - a scroll of random uselessness {unknown}
Potions
 k - a potion of curing {unknown}
 q - a potion of haste {unknown}
 t - 2 potions of mutation {unknown}
 x - a potion of degeneration {unknown}
Comestibles
 c - 4 rations
 z - a chunk of flesh


   Skills:
 + Level 4.8 Fighting
 + Level 3.8 Long Blades
 - Level 1.7 Armour
 - Level 0.8 Dodging
 + Level 5.4 Invocations


You had 5 spell levels left.
You didn't know any spells.
Your spell library was empty.

Dungeon Overview and Level Annotations

Branches:
Dungeon (4/15)
 Temple: D:4-7

Altars:
Ru

Annotations:
D:2 1 runed translucent door, Crazy Yiuf
D:4 Blork the orc


Innate Abilities, Weirdness & Mutations

You have a pair of small antennae on your head.
You regenerate a lot of health from kills.


Message History

Press: ? - help, Shift-Dir - straight line, f/p - iguana
Aim: an iguana (severely wounded)
You shoot a stone.
The stone hits the iguana but does no damage.
The iguana is severely wounded.
Firing (i - inventory. (/) - cycle)
g - 23 stones (quivered)
Press: ? - help, Shift-Dir - straight line, f/p - iguana
Aim: an iguana (severely wounded)
You shoot a stone.
The stone hits the iguana but does no damage.
The iguana is severely wounded.
The iguana bites you!
Wield which item (- for none, * to show all)? (? for menu, Esc to quit)
a - a +1 falchion (weapon)
The iguana bites you!
* * * LOW HITPOINT WARNING * * *
You hit the iguana.
The iguana is severely wounded.
The iguana bites you!
You die...

.....#%......## #.## ...#
#...(......####..###..# #
#(....##.#.#..##....#
...##............#...####
..............####........#
.........(.#..# #........#
...#......(#..# ##........#
.# #.......l.<###.........#
#........@.......>......#
#.....###....##.#........
##....# #..####.#.#..#...
≈≈≈≈.. ##.# #...#### ).
###≈.. ... ##... . #≈.
..... ... ....... ..##
........ ..#


You could see an iguana.

Vanquished Creatures
  A sky beast (D:3)
  An ogre (D:4)
  Jessica (D:2)
  2 worker ants (D:4)
  3 adders
  3 worms (D:2)
  5 dart slugs
  3 leopard geckos
  2 ball pythons
  7 giant cockroaches
  9 goblins
  4 hobgoblins (D:1)
  5 jackals (D:3)
  2 bats
  5 frilled lizards
  6 kobolds
  7 rats
66 creatures vanquished.

Notes
Turn   | Place    | Note
-------+----------+-------------------------------------------
     0 | Abyss:1  | YuikonoTournament the Demonspawn Abyssal Knight began the
                  | quest for the Orb.
     0 | Abyss:1  | Reached XP level 1. HP: 18/18 MP: 2/2
    69 | D:1      | Escaped the Abyss
   247 | D:1      | Gained mutation: You have a pair of small antennae on your
                  | head. [demonic ancestry]
   247 | D:1      | Reached XP level 2. HP: 22/24 MP: 4/4
   324 | D:1      | Reached skill level 3 in Invocations
   986 | D:1      | Gained mutation: You regenerate a little health from kills.
                  | [demonic ancestry]
   986 | D:1      | Reached XP level 3. HP: 26/29 MP: 5/5
  1119 | D:2      | Noticed Jessica
  1125 | D:2      | Reached ** piety under Lugonu
  1129 | D:2      | Killed Jessica
  1206 | D:2      | Gained mutation: You regenerate health from kills. [demonic
                  | ancestry]
  1206 | D:2      | Reached XP level 4. HP: 34/37 MP: 6/6
  1782 | D:2      | Found a runed translucent door.
  1783 | D:2      | Noticed Crazy Yiuf
  1905 | D:2      | Found a sacrificial altar of Ru.
  1924 | D:2      | Reached skill level 4 in Invocations
  2700 | D:3      | Noticed a sky beast
  3365 | D:3      | Killed a sky beast
  3365 | D:3      | Gained mutation: You regenerate a lot of health from kills.
                  | [demonic ancestry]
  3365 | D:3      | Reached XP level 5. HP: 32/43 MP: 8/8
  3434 | D:4      | Noticed Blork the orc
  3453 | D:4      | Noticed an ogre
  3469 | D:4      | Noticed an ogre
  3471 | D:4      | Killed an ogre
  3471 | D:4      | Reached skill level 5 in Invocations
  3471 | D:4      | Reached XP level 6. HP: 49/49 MP: 9/9
  3858 | D:4      | Reached *** piety under Lugonu
  3920 | D:4      | Slain by an iguana

Skill      XL: |  1  2  3  4  5 |
---------------+----------------+-----
Long Blades    | 2 3 |  3.8
Invocations    | 3 4 5 |  5.4
Fighting       | 4 |  4.8
Armour         | |  1.7
Dodging        | |  0.8

Action                   |  1- 3 |  4- 6 || total
-------------------------+-------+-------++-------
Melee: Falchion          |    69 |   117 ||   186
 Fire: Hunting sling     |       |    33 ||    33
Throw: Javelin           |       |     5 ||     5
       Stone             |       |     2 ||     2
Invok: Bend Space        |       |     2 ||     2
  Use: Scroll            |       |     2 ||     2
 Stab: Sleeping          |     2 |     1 ||     3
       Distracted        |       |     1 ||     1
  Eat: Chunk             |     1 |     6 ||     7
       Ration            |       |     1 ||     1
Armor: Leather armour    |    17 |       ||    17
       Robe              |     3 |    34 ||    37
Dodge: Dodged            |    28 |    68 ||    96
       Rpst.: Falchion   |    13 |    21 ||    34
